[Event "ESTCC 50 2019"]
[Site "Mali Losinj"]
[Date "2019.09.18"]
[Round "1.21"]
[White "Lauritzen, Einar"]
[Black "Fucak, Emilio Milko"]
[Result "1/2-1/2"]
[ECO "A30"]
[WhiteElo "1990"]
[BlackElo "2192"]
[Annotator "NA"]
[PlyCount "79"]
[EventDate "2019.09.18"]
[EventType "team-tourn"]
[EventCountry "CRO"]
[SourceTitle "playchess.com"]
[Source "ChessBase"]
[SourceQuality "1"]
[WhiteTeam "Norway"]
[BlackTeam "Croatia"]
[WhiteTeamCountry "NOR"]
[BlackTeamCountry "CRO"]
[TimeControl "40/5400+30:1800+30"]

1. d4 Nf6 2. Nf3 b6 3. g3 Bb7 4. Bg2 c5 5. O-O cxd4 6. Qxd4 g6 7. c4 Bg7 8. Nc3 O-O 9. Qh4 d6 10. Bh6 Nbd7 11. Bxg7 Kxg7 12. Qd4 Rc8 13. Rfd1 Re8 14. b3 Qc7 15. Ne1 Kg8 16. Bxb7 Qxb7 17. Nd5 a6 18. Rac1 b5 19. Nxf6+ Nxf6 20. c5 dxc5 21. Rxc5 Rxc5 22. Qxc5 Rc8 23. Qd4 Ne4 24. f3 Nc3 25. Rd2 b4 26. Kg2 a5 27. e4 Qb5 28. Kf2 Qh5 29. Kg2 Qg5 30. Kf2 Rc6 31. h4 Qf6 32. Qxf6 Rxf6 33. Ke3 Rd6 34. Nd3 f6 35. Rc2 Kf7 36. a4 h5 37. Rd2 Nb1 38. Rd1 Nc3 39. Rd2 Nb1 40. Rd1 1/2-1/2

[Event "ESTCC 50 2019"]
[Site "Mali Losinj"]
[Date "2019.09.18"]
[Round "1.22"]
[White "Sulc, Damir"]
[Black "Olsen, Oystein Leif"]
[Result "1/2-1/2"]
[ECO "B35"]
[WhiteElo "2207"]
[BlackElo "1974"]
[Annotator "NA"]
[PlyCount "87"]
[EventDate "2019.09.18"]
[EventType "team-tourn"]
[EventCountry "CRO"]
[SourceTitle "playchess.com"]
[Source "ChessBase"]
[SourceQuality "1"]
[WhiteTeam "Croatia"]
[BlackTeam "Norway"]
[WhiteTeamCountry "CRO"]
[BlackTeamCountry "NOR"]
[TimeControl "40/5400+30:1800+30"]

1. e4 c5 2. Nf3 Nc6 3. d4 cxd4 4. Nxd4 g6 5. Nc3 Bg7 6. Be3 Nf6 7. Bc4 Qa5 8. O-O O-O 9. Re1 d6 10. f3 Bd7 11. Nb3 Qc7 12. Bf1 Ne5 13. Nd5 Nxd5 14. exd5 Nc4 15. Bxc4 Qxc4 16. Bd4 Rfe8 17. Bxg7 Kxg7 18. Re4 Qc7 19. Qd4+ f6 20. Rae1 Bf5 21. R4e2 Kf7 22. g4 Bd7 23. Re4 Qb6 24. Qxb6 axb6 25. a3 Ra4 26. Rxa4 Bxa4 27. Nd4 Rc8 28. b3 Bd7 29. a4 Rc3 30. Kf2 h6 31. Re3 Rc8 32. c4 Rh8 33. Kg3 h5 34. h4 g5 35. hxg5 fxg5 36. gxh5 Rxh5 37. Ne6 Bxe6 38. Rxe6 Rh4 39. Re1 Kf6 40. Re6+ Kf7 41. Re1 Kf6 42. Ra1 Rd4 43. a5 Rd3 44. b4 1/2-1/2

[Event "ESTCC 50 2019"]
[Site "Mali Losinj"]
[Date "2019.09.18"]
[Round "1.23"]
[White "Ortoft, Kai"]
[Black "Dusper, Hrvoje"]
[Result "0-1"]
[ECO "D02"]
[WhiteElo "1957"]
[BlackElo "2221"]
[Annotator "NA"]
[PlyCount "32"]
[EventDate "2019.09.18"]
[EventType "team-tourn"]
[EventCountry "CRO"]
[SourceTitle "playchess.com"]
[Source "ChessBase"]
[SourceQuality "1"]
[WhiteTeam "Norway"]
[BlackTeam "Croatia"]
[WhiteTeamCountry "NOR"]
[BlackTeamCountry "CRO"]
[TimeControl "40/5400+30:1800+30"]

1. Nf3 d5 2. d4 Nf6 3. Bf4 Bf5 4. e3 e6 5. c4 Bxb1 6. Rxb1 Bb4+ 7. Ke2 Bd6 8. Bg5 Nbd7 9. c5 Be7 10. Nd2 e5 11. f3 O-O 12. Ke1 exd4 13. exd4 Nh5 14. Be3 Bg5 15. Bf2 Re8+ 16. Be2 Nf4 0-1

[Event "ESTCC 50 2019"]
[Site "Mali Losinj"]
[Date "2019.09.18"]
[Round "1.24"]
[White "Martic, Zlatko"]
[Black "Jenssen, Ove S"]
[Result "1-0"]
[ECO "D02"]
[WhiteElo "2283"]
[BlackElo "1827"]
[Annotator "NA"]
[PlyCount "75"]
[EventDate "2019.09.18"]
[EventType "team-tourn"]
[EventCountry "CRO"]
[SourceTitle "playchess.com"]
[Source "ChessBase"]
[SourceQuality "1"]
[WhiteTeam "Croatia"]
[BlackTeam "Norway"]
[WhiteTeamCountry "CRO"]
[BlackTeamCountry "NOR"]
[TimeControl "40/5400+30:1800+30"]

1. d4 d5 2. Nf3 Nf6 3. Bf4 Bf5 4. e3 e6 5. c4 c6 6. Nc3 Bd6 7. Bxd6 Qxd6 8. Qb3 Nbd7 9. Rc1 O-O 10. Be2 dxc4 11. Bxc4 Ne4 12. O-O Rab8 13. Rfd1 Qe7 14. Be2 Ndf6 15. Ne5 Nd5 16. Nxe4 Bxe4 17. f3 Bg6 18. e4 Nf4 19. Bf1 Rfd8 20. Qe3 Qg5 21. Kh1 f6 22. Nxg6 hxg6 23. g3 Nh3 24. f4 Qh6 25. d5 exd5 26. exd5 Re8 27. Qf3 cxd5 28. Qxd5+ Kh7 29. Qg2 Nxf4 30. gxf4 Qxf4 31. Rc3 Re5 32. Rh3+ Rh5 33. Rxh5+ gxh5 34. Bd3+ Kh8 35. Qd5 Qe5 36. Qxe5 fxe5 37. Bg6 h4 38. Kg2 1-0

[Event "ESTCC 50 2019"]
[Site "Mali Losinj"]
[Date "2019.09.19"]
[Round "2.2"]
[White "Gleizerov, Evgeny"]
[Black "Mohr, Georg"]
[Result "1-0"]
[ECO "A41"]
[WhiteElo "2503"]
[BlackElo "2445"]
[Annotator "ChessBase"]
[PlyCount "65"]
[EventDate "2019.09.18"]
[EventType "team-tourn"]
[EventCountry "CRO"]
[SourceTitle "playchess.com"]
[Source "ChessBase"]
[SourceQuality "1"]
[WhiteTeam "Russia"]
[BlackTeam "Slovenia"]
[WhiteTeamCountry "RUS"]
[BlackTeamCountry "SLO"]
[TimeControl "40/5400+30:1800+30"]

1. d4 d6 2. Nf3 g6 3. c4 Bg7 4. Nc3 c5 5. dxc5 dxc5 6. Qxd8+ Kxd8 7. Bd2 Nc6 8. O-O-O Bd7 9. g3 Ke8 10. Bg2 Rc8 11. h3 Nf6 12. g4 h6 13. Bf4 Be6 14. Ne5 Nd7 15. Bxc6 bxc6 16. Nxd7 Bxd7 17. Na4 Be6 18. b3 f5 19. Nxc5 Kf7 20. gxf5 gxf5 21. Rhg1 Bf6 22. Rd3 Ra8 23. Re3 Bc8 24. Be5 Bxe5 25. Rxe5 f4 26. Rh5 Kf6 27. Ne4+ Kf7 28. Rh4 e5 29. Rh5 a5 30. h4 a4 31. Kb2 axb3 32. axb3 Ke6 33. Rg6+ 1-0

[Event "ESTCC 50 2019"]
[Site "Mali Losinj"]
[Date "2019.09.19"]
[Round "2.3"]
[White "Mencinger, Vojko"]
[Black "Shcherbakov, Ruslan"]
[Result "0-1"]
[ECO "B07"]
[WhiteElo "2332"]
[BlackElo "2516"]
[Annotator "RC"]
[PlyCount "132"]
[EventDate "2019.09.18"]
[EventType "team-tourn"]
[EventCountry "CRO"]
[SourceTitle "playchess.com"]
[Source "ChessBase"]
[SourceQuality "1"]
[WhiteTeam "Slovenia"]
[BlackTeam "Russia"]
[WhiteTeamCountry "SLO"]
[BlackTeamCountry "RUS"]
[TimeControl "40/5400+30:1800+30"]

1. e4 c5 2. c3 d6 3. d4 Nf6 4. Bd3 e5 5. dxe5 dxe5 6. Nf3 Nc6 7. O-O Be7 8. Qe2 O-O 9. Na3 Qc7 10. Nb5 Qb8 11. a4 h6 12. Bc4 Na5 13. Na3 Nxc4 14. Nxc4 Bg4 15. h3 Bh5 16. Qe3 Nd7 17. g4 Bg6 18. Rd1 Qc7 19. b3 Rfe8 20. Ra2 Nf6 21. Rad2 Bxe4 22. Nfxe5 Rad8 23. Qf4 Bc2 24. Rxd8 Rxd8 25. Rxd8+ Qxd8 26. Nd2 Bxb3 27. Nxb3 Qd1+ 28. Kg2 Qxb3 29. Qf5 Qd5+ 30. f3 Bd6 31. Nd3 Qxf5 32. gxf5 Nd5 33. c4 Nb6 34. Nb2 Be5 35. a5 Nd7 36. Nd3 Bc3 37. Be3 Bxa5 38. Bxc5 a6 39. Bd6 g6 40. Kg3 Kg7 41. Kf4 Kf6 42. fxg6 fxg6 43. Ke4 Ke6 44. Ba3 Bc7 45. Bc1 h5 46. Nf4+ Bxf4 47. Bxf4 b5 48. cxb5 axb5 49. Kd4 Kf5 50. Bd6 Nb6 51. Kc5 Nc4 52. Bc7 Ne5 53. Kxb5 Nxf3 54. Kc4 Ng5 55. h4 Nf3 56. Bd8 Kg4 57. Kd3 Nxh4 58. Ke2 Kg3 59. Kf1 Ng2 60. Kg1 Nf4 61. Ba5 g5 62. Be1+ Kf3 63. Bb4 g4 64. Bc5 g3 65. Bb6 Nh3+ 66. Kh1 Nf2+ 0-1

[Event "ESTCC 50 2019"]
[Site "Mali Losinj"]
[Date "2019.09.19"]
[Round "2.4"]
[White "Ibragimov, Ildar"]
[Black "Plesec, Damjan"]
[Result "1/2-1/2"]
[ECO "D15"]
[WhiteElo "2537"]
[BlackElo "2216"]
[Annotator "ChessBase"]
[PlyCount "94"]
[EventDate "2019.09.18"]
[EventType "team-tourn"]
[EventCountry "CRO"]
[SourceTitle "playchess.com"]
[Source "ChessBase"]
[SourceQuality "1"]
[WhiteTeam "Russia"]
[BlackTeam "Slovenia"]
[WhiteTeamCountry "RUS"]
[BlackTeamCountry "SLO"]
[TimeControl "40/5400+30:1800+30"]

1. d4 d5 2. c4 c6 3. Nc3 Nf6 4. Nf3 a6 5. e3 g6 6. Be2 Bg7 7. Qb3 O-O 8. cxd5 cxd5 9. Ne5 e6 10. O-O Nfd7 11. Nxd7 Nxd7 12. Bd2 b6 13. a4 Bb7 14. Rfc1 Rc8 15. Na2 Rxc1+ 16. Rxc1 Qb8 17. Nb4 Rc8 18. Rc3 a5 19. Nc2 Rxc3 20. bxc3 Bc6 21. Na3 Bf8 22. Nb5 Nf6 23. f3 Ne8 24. c4 Bxb5 25. Qxb5 Nd6 26. Qc6 Nxc4 27. Bxc4 dxc4 28. Qxc4 Bd6 29. h3 Kf8 30. Kf1 Be7 31. e4 Qd8 32. Bh6+ Kg8 33. Qc6 Bg5 34. Bxg5 Qxg5 35. d5 exd5 36. exd5 Qd2 37. Qe8+ Kg7 38. Qe5+ f6 39. Qe7+ Kg8 40. Qd8+ Kg7 41. Qc7+ Kg8 42. d6 Qd1+ 43. Kf2 Qd2+ 44. Kg3 Qg5+ 45. Kh2 Qe5+ 46. f4 Qxf4+ 47. Kg1 Qd4+ 1/2-1/2

[Event "ESTCC 50 2019"]
[Site "Mali Losinj"]
[Date "2019.09.19"]
[Round "2.5"]
[White "Kozul, Zdenko"]
[Black "Ledger, Andrew J"]
[Result "1-0"]
[ECO "D15"]
[WhiteElo "2569"]
[BlackElo "2343"]
[Annotator "ChessBase"]
[PlyCount "67"]
[EventDate "2019.09.18"]
[EventType "team-tourn"]
[EventCountry "CRO"]
[SourceTitle "playchess.com"]
[Source "ChessBase"]
[SourceQuality "1"]
[WhiteTeam "Croatia"]
[BlackTeam "England"]
[WhiteTeamCountry "CRO"]
[BlackTeamCountry "ENG"]
[TimeControl "40/5400+30:1800+30"]

1. d4 d5 2. c4 c6 3. e3 Nf6 4. Nf3 Bf5 5. Nc3 a6 6. Bd3 Bg6 7. Bxg6 hxg6 8. Qb3 Ra7 9. cxd5 cxd5 10. e4 Nxe4 11. Nxd5 e6 12. Nc3 Nxc3 13. bxc3 Nc6 14. O-O Bd6 15. h3 Na5 16. Qc2 Qc7 17. Re1 O-O 18. Qe4 Nc4 19. Qh4 Be7 20. Bg5 Nd6 21. Qg3 f6 22. Bd2 Kf7 23. Qf4 Nb5 24. Ne5+ Kg8 25. Nxg6 Qxf4 26. Nxf4 Rc8 27. Rxe6 Ba3 28. Nd5 Rd8 29. Nb6 Bb2 30. Rae1 Nxc3 31. Nc4 Na4 32. Nxb2 Nxb2 33. Ba5 Rd5 34. Re8+ 1-0

[Event "ESTCC 50 2019"]
[Site "Mali Losinj"]
[Date "2019.09.19"]
[Round "2.6"]
[White "Lewis, Andrew P"]
[Black "Zelcic, Robert"]
[Result "0-1"]
[ECO "E32"]
[WhiteElo "2294"]
[BlackElo "2503"]
[Annotator "ChessBase"]
[PlyCount "66"]
[EventDate "2019.09.18"]
[EventType "team-tourn"]
[EventCountry "CRO"]
[SourceTitle "playchess.com"]
[Source "ChessBase"]
[SourceQuality "1"]
[WhiteTeam "England"]
[BlackTeam "Croatia"]
[WhiteTeamCountry "ENG"]
[BlackTeamCountry "CRO"]
[TimeControl "40/5400+30:1800+30"]

1. d4 Nf6 2. c4 e6 3. Nc3 Bb4 4. Qc2 O-O 5. e4 d6 6. a3 Bxc3+ 7. bxc3 e5 8. Bd3 c5 9. Ne2 Nc6 10. O-O Na5 11. f4 b5 12. fxe5 dxe5 13. Bg5 bxc4 14. Rad1 Qb6 15. Bxf6 gxf6 16. Ng3 cxd3 17. Rxd3 Bg4 18. h3 c4 19. Rd2 exd4 20. cxd4 Qb3 21. Qxb3 Nxb3 22. Rdf2 Bc8 23. d5 c3 24. Rc2 Ba6 25. Rxf6 Rfc8 26. Rxa6 Nd4 27. Rc1 c2 28. Kf2 Nb3 29. Ne2 Nxc1 30. Nxc1 Rc4 31. Ke3 Re8 32. Kd3 Rexe4 33. Rc6 Red4+ 0-1

[Event "ESTCC 50 2019"]
[Site "Mali Losinj"]
[Date "2019.09.19"]
[Round "2.7"]
[White "Kurajica, Bojan"]
[Black "Nelson, Jonathan P"]
[Result "1/2-1/2"]
[ECO "A41"]
[WhiteElo "2493"]
[BlackElo "2183"]
[Annotator "ChessBase"]
[PlyCount "98"]
[EventDate "2019.09.18"]
[EventType "team-tourn"]
[EventCountry "CRO"]
[SourceTitle "playchess.com"]
[Source "ChessBase"]
[SourceQuality "1"]
[WhiteTeam "Croatia"]
[BlackTeam "England"]
[WhiteTeamCountry "CRO"]
[BlackTeamCountry "ENG"]
[TimeControl "40/5400+30:1800+30"]

1. Nf3 d6 2. d4 Bg4 3. e4 Nf6 4. h3 Bh5 5. Nc3 e6 6. Qe2 c6 7. g4 Bg6 8. g5 Nfd7 9. Nh4 e5 10. d5 Be7 11. Rg1 Nb6 12. a4 a5 13. Be3 Na6 14. Nf5 Bxf5 15. exf5 Nb4 16. Bxb6 Qxb6 17. O-O-O O-O-O 18. Rg4 h5 19. Rg2 Kb8 20. Kb1 Rc8 21. f6 gxf6 22. gxf6 Bxf6 23. Qf3 Rh6 24. dxc6 e4 25. Qe3 Qxe3 26. fxe3 Bxc3 27. cxb7 Kxb7 28. bxc3 Rxc3 29. Rf2 Rc7 30. Bb5 Rg6 31. h4 Rg3 32. Re2 Rg6 33. Kb2 Rc5 34. Rf2 f5 35. Be8 Rg3 36. Rxd6 Rxe3 37. Bxh5 Rec3 38. Bd1 e3 39. Rg2 f4 40. Rf6 R3c4 41. h5 Rc7 42. h6 e2 43. Rxe2 Nd5 44. Rd6 Nc3 45. Re1 Nxd1+ 46. Rexd1 Rxc2+ 47. Kb1 Rh2 48. Rf6 f3 49. Rf1 Rh7 1/2-1/2

[Event "ESTCC 50 2019"]
[Site "Mali Losinj"]
[Date "2019.09.19"]
[Round "2.9"]
[White "Blatny, Pavel"]
[Black "Sulc, Damir"]
[Result "1-0"]
[ECO "A03"]
[WhiteElo "2325"]
[BlackElo "2207"]
[Annotator "NA"]
[PlyCount "75"]
[EventDate "2019.09.18"]
[EventType "team-tourn"]
[EventCountry "CRO"]
[SourceTitle "playchess.com"]
[Source "ChessBase"]
[SourceQuality "1"]
[WhiteTeam "Czech Republic"]
[BlackTeam "Croatia"]
[WhiteTeamCountry "CZE"]
[BlackTeamCountry "CRO"]
[TimeControl "40/5400+30:1800+30"]

1. e3 d5 2. b3 Nf6 3. Bb2 c6 4. f4 Bg4 5. Nf3 Nbd7 6. Be2 g6 7. O-O Bg7 8. c4 O-O 9. cxd5 cxd5 10. Qe1 Bxf3 11. Bxf3 Nc5 12. Qe2 Rc8 13. g4 e6 14. g5 Ne8 15. d4 Ne4 16. Bxe4 dxe4 17. Nc3 f5 18. gxf6 Nxf6 19. Qg2 Nd5 20. Nd1 Nf6 21. Re1 Qa5 22. Re2 Rc6 23. Nf2 Qf5 24. h3 h5 25. Kh2 Rfc8 26. Rg1 Kf7 27. Nh1 Bh6 28. Ng3 Qd5 29. Nf1 Qf5 30. Nd2 b5 31. Ba3 Rh8 32. Kh1 Rc2 33. Nxe4 Rxe2 34. Nd6+ Kg8 35. Qa8+ Kh7 36. Qxa7+ Bg7 37. Nxf5 exf5 38. Qf7 1-0

[Event "ESTCC 50 2019"]
[Site "Mali Losinj"]
[Date "2019.09.19"]
[Round "2.10"]
[White "Dusper, Hrvoje"]
[Black "Priehoda, Vitezslav"]
[Result "1-0"]
[ECO "B82"]
[WhiteElo "2221"]
[BlackElo "2352"]
[Annotator "NA"]
[PlyCount "61"]
[EventDate "2019.09.18"]
[EventType "team-tourn"]
[EventCountry "CRO"]
[SourceTitle "playchess.com"]
[Source "ChessBase"]
[SourceQuality "1"]
[WhiteTeam "Croatia"]
[BlackTeam "Czech Republic"]
[WhiteTeamCountry "CRO"]
[BlackTeamCountry "CZE"]
[TimeControl "40/5400+30:1800+30"]

1. e4 c5 2. Nf3 e6 3. d4 cxd4 4. Nxd4 a6 5. Nc3 b5 6. a3 Bb7 7. Bd3 d6 8. O-O Nf6 9. Kh1 Be7 10. f4 Nbd7 11. Qe2 Nc5 12. b4 Nxd3 13. cxd3 O-O 14. Bd2 Nd7 15. Nb3 Rb8 16. d4 Nb6 17. Na5 d5 18. f5 exf5 19. exf5 Ba8 20. Nb3 Bf6 21. Qd3 Nc4 22. Bf4 Rb6 23. Nc5 Re8 24. Rae1 Nd6 25. Be5 Ne4 26. N3xe4 dxe4 27. Qg3 Bxe5 28. dxe5 h6 29. e6 Qd6 30. Qg4 fxe6 31. f6 1-0

[Event "ESTCC 50 2019"]
[Site "Mali Losinj"]
[Date "2019.09.19"]
[Round "2.11"]
[White "Konopka, Michal"]
[Black "Martic, Zlatko"]
[Result "0-1"]
[ECO "E63"]
[WhiteElo "2351"]
[BlackElo "2283"]
[Annotator "NA"]
[PlyCount "80"]
[EventDate "2019.09.18"]
[EventType "team-tourn"]
[EventCountry "CRO"]
[SourceTitle "playchess.com"]
[Source "ChessBase"]
[SourceQuality "1"]
[WhiteTeam "Czech Republic"]
[BlackTeam "Croatia"]
[WhiteTeamCountry "CZE"]
[BlackTeamCountry "CRO"]
[TimeControl "40/5400+30:1800+30"]

1. Nf3 Nf6 2. c4 g6 3. g3 Bg7 4. Bg2 O-O 5. d4 d6 6. O-O Nc6 7. Nc3 a6 8. b3 Rb8 9. Nd5 Nxd5 10. cxd5 Nb4 11. Ne1 c5 12. a3 Bxd4 13. Bd2 Bg4 14. Rb1 Na2 15. h3 Bf5 16. e4 Bd7 17. Qc2 Bb5 18. Nf3 Bxf1 19. Rxf1 Bg7 20. Qxa2 b5 21. h4 Qc7 22. Rc1 a5 23. Be3 Qb7 24. Qd2 a4 25. b4 cxb4 26. Qxb4 Rfc8 27. Nd4 Rxc1+ 28. Bxc1 Bxd4 29. Qxd4 b4 30. e5 Qc7 31. Bb2 dxe5 32. Qxe5 Qxe5 33. Bxe5 Rb5 34. axb4 a3 35. Bc3 a2 36. Bf1 Rxd5 37. Be2 Rd2 38. Bxd2 a1=Q+ 39. Bf1 Qb2 40. Be1 Qc1 0-1

[Event "ESTCC 50 2019"]
[Site "Mali Losinj"]
[Date "2019.09.19"]
[Round "2.12"]
[White "Tirkajla, Boris"]
[Black "Spacek, Petr"]
[Result "0-1"]
[ECO "A03"]
[WhiteElo "2060"]
[BlackElo "2352"]
[Annotator "NA"]
[PlyCount "94"]
[EventDate "2019.09.18"]
[EventType "team-tourn"]
[EventCountry "CRO"]
[SourceTitle "playchess.com"]
[Source "ChessBase"]
[SourceQuality "1"]
[WhiteTeam "Croatia"]
[BlackTeam "Czech Republic"]
[WhiteTeamCountry "CRO"]
[BlackTeamCountry "CZE"]
[TimeControl "40/5400+30:1800+30"]

1. f4 g6 2. Nf3 Bg7 3. g3 d5 4. Bg2 Nf6 5. O-O O-O 6. d3 b6 7. Nc3 Bb7 8. e4 dxe4 9. Ng5 Nc6 10. Ngxe4 Nxe4 11. Bxe4 e6 12. Be3 Rb8 13. Qf3 Nd4 14. Qf2 Nf5 15. Bxf5 gxf5 16. h3 c5 17. Kh2 Rc8 18. Rg1 Kh8 19. g4 fxg4 20. Rxg4 f5 21. Rgg1 Bf6 22. Rad1 Rg8 23. Rxg8+ Qxg8 24. Rg1 Qd8 25. Qe2 Qd7 26. Bd2 Qc6 27. Nd1 Rg8 28. Qf1 Rxg1 29. Qxg1 Qf3 30. Nf2 Bd4 31. Bc3 Qxf4+ 32. Qg3 Qxg3+ 33. Kxg3 Kg7 34. Bxd4+ cxd4 35. c3 dxc3 36. bxc3 e5 37. d4 Kf6 38. Nd3 f4+ 39. Kg4 Bc8+ 40. Kh4 exd4 41. cxd4 Kf5 42. Nf2 b5 43. Kh5 Be6 44. a3 a5 45. Nd3 Bc4 46. Ne5 f3 47. Kh4 f2 0-1

[Event "ESTCC 50 2019"]
[Site "Mali Losinj"]
[Date "2019.09.19"]
[Round "2.13"]
[White "Ponce Navalon, Jose"]
[Black "Jackson, Sheila"]
[Result "0-1"]
[ECO "B52"]
[WhiteElo "2024"]
[BlackElo "2046"]
[Annotator "NA"]
[PlyCount "106"]
[EventDate "2019.09.18"]
[EventType "team-tourn"]
[EventCountry "CRO"]
[SourceTitle "playchess.com"]
[Source "ChessBase"]
[SourceQuality "1"]
[WhiteTeam "Spain"]
[BlackTeam "England"]
[WhiteTeamCountry "ESP"]
[BlackTeamCountry "ENG"]
[TimeControl "40/5400+30:1800+30"]

1. e4 c5 2. Nf3 Nc6 3. Bb5 d6 4. O-O Bd7 5. a4 a6 6. Be2 Nf6 7. Nc3 g6 8. d4 cxd4 9. Nxd4 Bg7 10. Nb3 O-O 11. Bg5 Be6 12. Qd2 Re8 13. Ra3 Rc8 14. Rd1 Ne5 15. Bf4 Qc7 16. Nd4 Bc4 17. Bxe5 dxe5 18. Nf3 Red8 19. Qe1 Bxe2 20. Rxd8+ Rxd8 21. Qxe2 e6 22. b4 Bf8 23. Na2 Nxe4 24. Qxe4 Rd1+ 25. Ne1 Qxc2 26. Re3 Qxa2 27. Qxb7 Qxa4 28. Kf1 Qb5+ 29. Qxb5 axb5 30. Rb3 e4 31. Ke2 Rc1 32. Rb2 Rc4 33. Nc2 h5 34. Kd1 f5 35. Na3 Rxb4 36. Rxb4 Bxb4 37. Nxb5 Kf7 38. Ke2 Bc5 39. Nc3 Bd4 40. Nb1 Kf6 41. Nd2 Bc3 42. Nc4 g5 43. h3 Bd4 44. Kf1 Ke7 45. g4 hxg4 46. hxg4 Kd7 47. Ke2 Kc6 48. Nd2 Kd5 49. f3 exf3+ 50. Kxf3 Bc3 51. Nb3 f4 52. Ke2 e5 53. Kd3 Bb4 0-1

[Event "ESTCC 50 2019"]
[Site "Mali Losinj"]
[Date "2019.09.19"]
[Round "2.14"]
[White "Mashayekh, Majid"]
[Black "Pastor Alonso De Prado, Alberto"]
[Result "0-1"]
[ECO "D53"]
[WhiteElo "1875"]
[BlackElo "2010"]
[Annotator "NA"]
[PlyCount "58"]
[EventDate "2019.09.18"]
[EventType "team-tourn"]
[EventCountry "CRO"]
[SourceTitle "playchess.com"]
[Source "ChessBase"]
[SourceQuality "1"]
[WhiteTeam "England"]
[BlackTeam "Spain"]
[WhiteTeamCountry "ENG"]
[BlackTeamCountry "ESP"]
[TimeControl "40/5400+30:1800+30"]

1. d4 d5 2. Nf3 Nf6 3. c4 e6 4. Nc3 Be7 5. Bg5 h6 6. Bh4 O-O 7. Qc2 b6 8. cxd5 exd5 9. e3 c5 10. dxc5 bxc5 11. Rd1 Be6 12. Be2 Nc6 13. a3 Qa5 14. O-O Rfd8 15. Bg3 Rac8 16. Bb5 Ne4 17. Nxe4 Qxb5 18. Nc3 Qb7 19. Qe2 d4 20. exd4 Nxd4 21. Nxd4 cxd4 22. Ne4 Bc4 23. Qf3 Qxb2 24. Rd2 Qxa3 25. Qxa3 Bxa3 26. Ra1 Bb4 27. Rdd1 a5 28. f3 f5 29. Nf2 Be2 0-1

[Event "ESTCC 50 2019"]
[Site "Mali Losinj"]
[Date "2019.09.19"]
[Round "2.15"]
[White "Ruiz Bellon, Manuel"]
[Black "Wood, Peter R"]
[Result "1-0"]
[ECO "A04"]
[WhiteElo "1973"]
[BlackElo "1884"]
[Annotator "NA"]
[PlyCount "55"]
[EventDate "2019.09.18"]
[EventType "team-tourn"]
[EventCountry "CRO"]
[SourceTitle "playchess.com"]
[Source "ChessBase"]
[SourceQuality "1"]
[WhiteTeam "Spain"]
[BlackTeam "England"]
[WhiteTeamCountry "ESP"]
[BlackTeamCountry "ENG"]
[TimeControl "40/5400+30:1800+30"]

1. Nf3 e6 2. g3 b6 3. Bg2 Bb7 4. d3 d5 5. e4 Nf6 6. e5 Nfd7 7. O-O Be7 8. d4 c5 9. c3 Nc6 10. Re1 h6 11. h4 Qc7 12. Bf4 O-O-O 13. a4 c4 14. Na3 Ba6 15. Nd2 Na5 16. b4 cxb3 17. Nxb3 Nc4 18. Nxc4 Bxc4 19. Nd2 Kb7 20. Nxc4 Qxc4 21. Bf1 Qc7 22. a5 Nb8 23. Qa4 g5 24. axb6 axb6 25. hxg5 Bxg5 26. Bxg5 hxg5 27. Qa8+ Kc8 28. Ra7 1-0

[Event "ESTCC 50 2019"]
[Site "Mali Losinj"]
[Date "2019.09.19"]
[Round "2.16"]
[White "Denning, Julie L"]
[Black "Rodriguez Bernal, Herman"]
[Result "0-1"]
[ECO "E76"]
[WhiteElo "1629"]
[BlackElo "1735"]
[Annotator "NA"]
[PlyCount "44"]
[EventDate "2019.09.18"]
[EventType "team-tourn"]
[EventCountry "CRO"]
[SourceTitle "playchess.com"]
[Source "ChessBase"]
[SourceQuality "1"]
[WhiteTeam "England"]
[BlackTeam "Spain"]
[WhiteTeamCountry "ENG"]
[BlackTeamCountry "ESP"]
[TimeControl "40/5400+30:1800+30"]

1. d4 Nf6 2. c4 d6 3. Nc3 g6 4. e4 Bg7 5. f4 c6 6. Nf3 Bg4 7. h3 Bxf3 8. Qxf3 Qb6 9. Qf2 Na6 10. Be3 Qb4 11. Bd3 Rd8 12. O-O O-O 13. Rab1 e5 14. fxe5 dxe5 15. d5 Nh5 16. g4 Nf4 17. Bxf4 exf4 18. Qc2 Qb6+ 19. Kh1 Qe3 20. Be2 Qxh3+ 21. Kg1 Bd4+ 22. Rf2 Qg3+ 0-1

[Event "ESTCC 50 2019"]
[Site "Mali Losinj"]
[Date "2019.09.19"]
[Round "2.17"]
[White "Druckenthaner, Andreas"]
[Black "Lauritzen, Einar"]
[Result "1/2-1/2"]
[ECO "B20"]
[WhiteElo "2283"]
[BlackElo "1990"]
[Annotator "NA"]
[PlyCount "60"]
[EventDate "2019.09.18"]
[EventType "team-tourn"]
[EventCountry "CRO"]
[SourceTitle "playchess.com"]
[Source "ChessBase"]
[SourceQuality "1"]
[WhiteTeam "Austria"]
[BlackTeam "Norway"]
[WhiteTeamCountry "AUT"]
[BlackTeamCountry "NOR"]
[TimeControl "40/5400+30:1800+30"]

1. e4 c5 2. b3 d6 3. Bb2 Nf6 4. Nc3 Nc6 5. f4 g6 6. Bb5 Bd7 7. Nd5 Bg7 8. Nxf6+ Bxf6 9. Bxf6 exf6 10. Ne2 O-O 11. O-O f5 12. d3 Qf6 13. Qd2 Rfe8 14. Ng3 h5 15. Rfe1 Rad8 16. c3 h4 17. Nf1 a6 18. Bc4 b5 19. Bd5 b4 20. c4 Nd4 21. Ne3 Rb8 22. Qf2 Kg7 23. Rf1 a5 24. Rae1 a4 25. e5 dxe5 26. fxe5 Qxe5 27. Ng4 Qd6 28. Qxh4 Rh8 29. Qe7 Qxe7 30. Rxe7 Be6 1/2-1/2

[Event "ESTCC 50 2019"]
[Site "Mali Losinj"]
[Date "2019.09.19"]
[Round "2.18"]
[White "Olsen, Oystein Leif"]
[Black "Opl, Klaus"]
[Result "0-1"]
[ECO "D48"]
[WhiteElo "1974"]
[BlackElo "2207"]
[Annotator "NA"]
[PlyCount "54"]
[EventDate "2019.09.18"]
[EventType "team-tourn"]
[EventCountry "CRO"]
[SourceTitle "playchess.com"]
[Source "ChessBase"]
[SourceQuality "1"]
[WhiteTeam "Norway"]
[BlackTeam "Austria"]
[WhiteTeamCountry "NOR"]
[BlackTeamCountry "AUT"]
[TimeControl "40/5400+30:1800+30"]

1. d4 d5 2. c4 c6 3. Nf3 Nf6 4. Nc3 e6 5. e3 Nbd7 6. Bd3 dxc4 7. Bxc4 b5 8. Bd3 Bb7 9. O-O a6 10. e4 c5 11. d5 c4 12. dxe6 fxe6 13. Bc2 Bc5 14. Nd4 Qb6 15. Be3 O-O-O 16. a4 Ne5 17. axb5 Bxd4 18. Na4 Qd6 19. bxa6 Bc6 20. Bxd4 Qxd4 21. Qb1 Nd3 22. b4 Qxe4 23. f3 Qe3+ 24. Kh1 Nf2+ 25. Rxf2 Qxf2 26. b5 Bxf3 27. gxf3 Rd2 0-1